 Dungeon Crawl Stone Soup version 0.28-a0-1624-g820543e53a (webtiles) character file.

Game seed: 11307003516446642406

1459 avis the Cleaver (level 8, -3/68 HPs)
             Began as a Minotaur Berserker on Jan 22, 2022.
             Was an Elder of Trog.
             Slain by a two-headed ogre (8 damage)
             ... on level 6 of the Dungeon on Jan 23, 2022.
             The game lasted 00:26:28 (6268 turns).

avis the Cleaver (Minotaur Berserker)               Turns: 6268, Time: 00:26:28

Health: -3/68      AC: 14    Str: 25    XL:     8   Next: 48%
Magic:  7/7        EV:  8    Int:  4    God:    Trog [****..]
Gold:   221        SH:  4    Dex:  9    Spells: 7/7 levels left

rFire   . . .      SeeInvis .   a - +1 hand axe
rCold   . . .      Faith    .   G - +0 buckler "Xonun" {Regen+}
rNeg    + . .      Spirit   .   h - +0 plate armour
rPois   .          Reflect  .   (helmet restricted)
rElec   .          Harm     .   (no cloak)
rCorr   .          Rampage  .   g - +0 pair of gloves
Will    ++...                   y - +0 pair of boots
Stlth   ..........              (no amulet)
HPRegen 2.01/turn               C - ring of positive energy
MPRegen 0.10/turn               (no ring)

@: strong-willed, regenerating
A: horns 2, retaliatory headbutt
a: Renounce Religion, Berserk, Trog's Hand, Brothers in Arms


You were on level 6 of the Dungeon.
You worshipped Trog.
Trog was greatly pleased with you.
You visited 1 branch of the dungeon, and saw 6 of its levels.
You also visited: Sewer.

You collected 221 gold pieces.

Inventory:

Hand Weapons
 a - a +1 hand axe (weapon)
 b - a +0 hunting sling
 f - a +2 dagger of speed
 J - a +2 long sword of venom
 K - a +1 flail of protection
Missiles
 j - 10 poisoned darts (quivered)
 n - 180 stones
 o - 2 boomerangs
 p - 48 bolts
 q - 53 arrows
Armour
 e - a +0 ring mail
 g - a +0 pair of gloves (worn)
 h - a +0 plate armour (worn)
 x - a +0 robe of willpower
 y - a +0 pair of boots (worn)
 B - a +2 robe of fire resistance
 G - the +0 buckler "Xonun" (worn) {Regen+}
   (You found it on level 4 of the Dungeon)

   Regen:     It increases your rate of health regeneration.
Magical Staves
 F - a staff of death
Jewellery
 C - a ring of positive energy (left hand)
Wands
 s - a wand of acid (6)
 H - a wand of digging (1)
Scrolls
 d - 3 scrolls of summoning
 k - 5 scrolls of identify
 m - a scroll of fog
 r - 2 scrolls of enchant armour {unknown}
 t - a scroll of fear
 w - a scroll of acquirement {unknown}
 I - a scroll of blinking
Potions
 i - 5 potions of curing
 l - a potion of ambrosia {unknown}
 u - 5 potions of haste
 v - 3 potions of heal wounds {unknown}
 z - a potion of might {unknown}
 A - a potion of flight {unknown}
 D - a potion of attraction {unknown}
 E - 2 potions of brilliance {unknown}


   Skills:
 - Level 5.0 Fighting
 * Level 10.0 Axes
 - Level 5.0 Armour
 - Level 5.0 Dodging
 - Level 4.0 Shields


You had 7 spell levels left.
You didn't know any spells.
Your spell library contained the following spells:

 Spells                   Type           Power      Damage    Failure   Level
 Slow                     Hex            0%         N/A       100%        1
 Confusing Touch          Hex            0%         N/A       100%        3
 Conjure Flame            Conj/Fire      0%         6-21      100%        3
 Ignite Poison            Fire/Tmut/Pois 0%         N/A       100%        3
 Vampiric Draining        Necr           0%         2d6       100%        3
 Sticky Flame             Conj/Fire      0%         2d3       100%        4


Dungeon Overview and Level Annotations

Branches:
Dungeon (6/15)              Sewer (visited)
 Temple: D:4-7

Altars:
Hepliaklqana
Qazlal
Ru
Sif Muna
Uskayaw
Xom
The Shining One

Annotations:
D:3 exclusion: door
D:6 Edmund


Innate Abilities, Weirdness & Mutations

You have a pair of horns on your head.
You reflexively headbutt those who attack you in melee.


Message History

The two-headed ogre hits you with a +0 giant club.
You slash the two-headed ogre!
Your headbutt misses the two-headed ogre.
The two-headed ogre is heavily wounded.
A centaur comes into view.
Unknown command.
You barely miss the two-headed ogre.
The two-headed ogre is heavily wounded.
The centaur shouts!
The two-headed ogre hits you with a +0 giant club!!
* * * LOW HITPOINT WARNING * * *
The two-headed ogre completely misses you.
The two-headed ogre looks more healthy.
A centaur opens the large door.
That's the wrong kind of item! (Use * to select it.) Evoke which item? (* to show all) (? for menu, Esc to quit)
Okay, then.
Aiming: Corrosive Bolt
Press: ? - help, Shift-Dir - straight line, f - centaur, p - two-headed ogre
Aim: a centaur, quivering arrows (83% to hit)
The bolt of acid misses the two-headed ogre.
The bolt of acid hits the centaur!
The centaur is heavily wounded.
You barely miss the two-headed ogre.
The two-headed ogre is heavily wounded.
The two-headed ogre hits you with a +0 giant club!
* * * LOW HITPOINT WARNING * * *
You block the two-headed ogre's attack.
You hit the two-headed ogre.
You headbutt the two-headed ogre, but do no damage.
The two-headed ogre is heavily wounded.
The two-headed ogre hits you with a +0 giant club.
* * * LOW HITPOINT WARNING * * *
The two-headed ogre hits you with a +0 giant club!
* * * LOW HITPOINT WARNING * * *
Your skin crawls.
You feel strong-willed.
You fail to use your ability.
The two-headed ogre hits you with a +0 giant club!
You die...

....#.#
#.#≈......≈#
#........
... #.#
#.#≈.####.≈#
##....... ..
..# #.'..#
#..+
##...... .
.## #.'..#
#..+ #######
.#
#c#≈[####.≈#
#
#.#≈....[.≈#
#.#≈≈≈..≈≈≈#
#.####''####
#..cO@..#
#########


You could see a two-headed ogre and a centaur.

Vanquished Creatures
  2 black bears
  A necrophage (D:5)
  3 ogres
  A phantom (D:6)
  2 bullfrogs (Sewer)
  A bullfrog skeleton (D:6)
  A jelly (D:4)
  2 orc priests
  2 iguanas
  5 orc wizards
  Natasha (thrice) (D:2)
  A killer bee zombie (D:5)
  2 hound skeletons (D:4)
  A howler monkey zombie (D:5)
  10 adders
  4 gnolls (D:5)
  5 river rats (Sewer)
  A shadow imp (D:6)
  An ufetubus (D:5)
  2 worms
  A dart slug (D:3)
  8 orcs
  11 endoplasms
  4 giant cockroaches
  6 goblins
  6 hobgoblins
  8 kobolds
  4 quokkas
  21 ball pythons
  5 bats
  3 frilled lizards
  26 rats
153 creatures vanquished.

Notes
Turn   | Place    | Note
-------+----------+-------------------------------------------
     0 | D:1      | avis the Minotaur Berserker began the quest for the Orb.
     0 | D:1      | Reached XP level 1. HP: 19/19 MP: 0/0
   196 | D:1      | Reached skill level 4 in Axes
   241 | D:1      | Reached XP level 2. HP: 25/26 MP: 1/1
   804 | D:1      | Found a glowing golden altar of the Shining One.
  1017 | D:2      | Found a glowing golden altar of the Shining One.
  1038 | D:2      | Reached skill level 5 in Axes
  1047 | D:2      | Reached ** piety under Trog
  1048 | D:2      | Reached XP level 3. HP: 33/33 MP: 2/2
  1146 | D:2      | Found a faded altar of an unknown god.
  1206 | D:2      | Noticed Natasha
  1222 | D:2      | Killed Natasha
  1344 | D:2      | Noticed Natasha
  1352 | D:2      | Killed Natasha
  1353 | D:2      | Reached skill level 5 in Fighting
  1353 | D:2      | Reached XP level 4. HP: 42/42 MP: 3/3
  1416 | D:2      | Noticed Natasha
  1424 | D:2      | Killed Natasha
  2211 | D:3      | Reached XP level 5. HP: 48/48 MP: 4/4
  2224 | D:3      | Found a sacrificial altar of Ru.
  2506 | D:3      | Found a shimmering blue altar of Sif Muna.
  2570 | D:3      | Found a stormy altar of Qazlal.
  2892 | D:4      | Found a glowing drain.
  2898 | Sewer    | Entered a sewer
  3183 | Sewer    | Reached skill level 6 in Axes
  3199 | Sewer    | Reached *** piety under Trog
  3380 | Sewer    | Reached XP level 6. HP: 55/56 MP: 5/5
  3382 | Sewer    | Reached skill level 7 in Axes
  3453 | D:4      | Reached skill level 8 in Axes
  3494 | D:4      | Reached XP level 7. HP: 59/61 MP: 6/6
  3577 | D:4      | Noticed a +0 short sword
  3578 | D:4      | Noticed a +0 dagger
  3578 | D:4      | Noticed a +0 dagger
  3578 | D:4      | Noticed a +0 falchion
  3578 | D:4      | Noticed a +0 short sword
  3580 | D:4      | Noticed a +0 spear
  3580 | D:4      | Noticed a +0 falchion
  3581 | D:4      | Noticed a +0 spear
  3584 | D:4      | Found a hide-covered altar of Uskayaw.
  3759 | D:4      | Reached **** piety under Trog
  3792 | D:4      | Reached skill level 9 in Axes
  4317 | D:4      | Identified the +0 buckler "Xonun" {Regen+}
  4334 | D:4      | Reached skill level 10 in Axes
  4491 | D:4      | Upgraded the game from 0.28-a0-1613-gdaab1c2f9b to
                  | 0.28-a0-1616-g050a50673c
  4491 | D:4      | Upgraded the game from 0.28-a0-1616-g050a50673c to
                  | 0.28-a0-1624-g820543e53a
  4526 | D:5      | Entered Level 5 of the Dungeon
  4539 | D:5      | Reached skill level 1 in Shields
  5087 | D:5      | Reached XP level 8. HP: 60/68 MP: 7/7
  5262 | D:5      | Found a shimmering altar of Xom.
  5263 | D:5      | Found a hazy altar of Hepliaklqana.
  5264 | D:5      | Noticed a spectral ugly thing
  5943 | D:6      | Noticed Edmund
  6036 | D:5      | Reached skill level 5 in Dodging
  6195 | D:6      | Reached skill level 5 in Armour
  6236 | D:6      | Noticed a two-headed ogre
  6266 | D:6      | HP: 1/68 [two-headed ogre (15)]
  6268 | D:6      | Slain by a two-headed ogre

Illustrated notes

Levels and vault maps discovered:
D:1:      dpeg_arrival_lava_altar, layout_basic
D:2:      layout_basic, hellmonk_ecumenical_altar_crossroads, basic_altar,
          lemuel_old_faithful, uniq_natasha
D:3:      layout_loops_ring, hangedman_ru_absence,
          nicolae_qazlal_scattered_showers, led_sif_book,
          nicolae_figureground_pulse
D:4:      layout_basic, nicolae_uskayaw_en_pointe, portal_sewer_entry_e,
          minivault_24, kennysheep_generic_room_7
D:5:      layout_layer_cave, regret_index_temple_of_mockery,
          chequers_serial_rivers_micro_b, lemuel_flamethrower_2
D:6:      cheibrodos_fzero, layout_rooms, kennysheep_diamond,
          kennysheep_generic_room_6, uniq_edmund

Skill      XL: |  1  2  3  4  5  6  7  8 |
---------------+-------------------------+-----
Axes           | 4 5 6 8 10 | 10.0
Fighting       | 5 |  5.0
Armour         | 3 5 |  5.0
Dodging        | 3 5 |  5.0
Shields        | 4 |  4.0

Action                   |  1- 3 |  4- 6 |  7- 9 || total
-------------------------+-------+-------+-------++-------
Melee: Hand axe          |    56 |   134 |   155 ||   345
       Headbutt          |    11 |    20 |    24 ||    55
       Punch             |     1 |       |       ||     1
Throw: Dart              |       |       |     6 ||     6
Invok: Berserk           |       |       |     1 ||     1
       Trog's Hand       |       |       |     1 ||     1
Evoke: Wand              |       |       |     1 ||     1
  Use: Scroll            |       |     8 |       ||     8
Armor: Plate armour      |    22 |    95 |    76 ||   193
       Ring mail         |     7 |       |       ||     7
Dodge: Dodged            |    26 |    52 |    41 ||   119
Block: Buckler           |       |       |    16 ||    16

Table legend: (Time is in decaauts)
 A = Elapsed time spent in this place.
 B = Non-inter-level travel time spent in this place.
 C = Inter-level travel time spent in this place.
 D = Time resting spent in this place.
 E = Time spent auto-exploring this place.
 F = Levels seen in this place.
 G = Mean time per level.
                   A        B        C        D        E       F      G
               +--------+--------+--------+--------+--------+-----+--------+
         Total |   6332 |   5599 |    733 |    843 |   3139 |   7 |  904.6 |
       Dungeon |   5777 |   5044 |    733 |    637 |   3136 |   6 |  962.8 |
         Sewer |    554 |    554 |      0 |    206 |      3 |   1 |  554.0 |
               +--------+--------+--------+--------+--------+-----+--------+

Top non-repeatable levels by time:
     D:4: 1402 daAuts
     D:5: 1383 daAuts
     D:2: 1126 daAuts
     D:1: 936 daAuts
     D:3: 761 daAuts
   Sewer: 554 daAuts
     D:6: 167 daAuts
